Senators vs Bruins

Created - February 8 2011 at 17:51

Goals
1 2 3 T
Senators 2 1 1 4
Bruins 2 0 0 2
Shots
1 2 3 T
Senators 13 9 7 29
Bruins 9 14 7 30

Period #1

1. Senators , Chris Stewart 24 (Dion Phaneuf, Sidney Crosby) at 2:34
2. Bruins , Patrice Bergeron 12 (Zdeno Chara, Jordan Leopold) at 5:02
3. Bruins , Zdeno Chara 14 (Mark Recchi, Blake Wheeler) at 8:07
4. Senators , Filip Kuba 3 (Marian Gaborik, Jason Spezza) at 18:40 (PP)

Penalties :
Dustin Brown (BOS) for Roughing (Minor) at 5:47, Gregory Campbell (BOS) for Roughing (Minor) at 17:35

Period #2

5. Senators , Sidney Crosby 31 (Guillaume Latendresse, Chris Stewart) at 19:40

Penalties :
Dustin Brown (BOS) for Hooking (Minor) at 5:00, Sergei Kostitsyn (OTT) for High sticking (Minor) at 7:12, Gregory Campbell (BOS) for Holding (Minor) at 9:30, Chris Stewart (OTT) for Interference (Minor) at 12:45

Period #3

6. Senators , Trevor Daley 4 (Jordan Staal, Patrick Dwyer) at 18:43

Penalties :
Jordan Staal (OTT) for Roughing (Minor) at 1:16, Karlis Skrastins (OTT) for Hooking (Minor) at 4:26, Patrice Bergeron (BOS) for Interference (Minor) at 6:37, Dennis Seidenberg (BOS) for Slashing (Minor) at 16:20

Goalie Stats

Brian Elliott (OTT), 28 saves from 30 shots - (0.933), W, 5-6-1, 60:00 minutes
Cam Ward (BOS), 25 saves from 29 shots - (0.862), L, 27-12-3, 60:00 minutes

Players Stats

Senators
Player Name              G  A  P  +/- PIM S  H  SB FO    MP 
------------------------------------------------------------
Chris Stewart            1  1  2   2  2   4  1  0  1/1   19 
Daniel Briere            0  0  0   0  0   1  2  0  1/1   14 
David Jones              0  0  0   0  0   0  0  0  2/3   12 
David Steckel            0  0  0  -1  0   3  1  1  9/16  11 
Dion Phaneuf             0  1  1   2  0   1  0  2  0/0   24 
Filip Kuba               1  0  1   0  0   1  0  0  0/0   18 
Guillaume Latendresse    0  1  1   3  0   2  1  0  0/0   14 
Jaroslav Spacek          0  0  0  -1  0   0  1  0  0/0   18 
Jason Spezza             0  1  1  -1  0   0  0  0  10/18 17 
Jay Bouwmeester          0  0  0   2  0   0  1  1  0/0   23 
Jordan Staal             0  1  1   1  2   3  2  3  8/16  12 
Karlis Skrastins         0  0  0  -1  2   1  2  2  0/0   17 
Marian Gaborik           0  1  1  -1  0   5  1  0  3/4   17 
Milan Michalek           0  0  0  -1  0   0  1  0  1/1   17 
Patrick Dwyer            0  1  1   0  0   2  0  0  1/1   11 
Sergei Kostitsyn         0  0  0  -1  2   0  2  0  0/0   7  
Sidney Crosby            1  1  2   2  0   5  0  0  10/23 20 
Trevor Daley             1  0  1   0  0   1  1  1  0/0   20 
Bruins
Player Name              G  A  P  +/- PIM S  H  SB FO    MP 
------------------------------------------------------------
Andrej Meszaros          0  0  0   0  0   0  0  0  0/0   0  
Barret Jackman           0  0  0  -1  0   0  3  0  0/0   19 
Blake Wheeler            0  1  1   1  0   1  0  0  2/2   14 
David Krejci             0  0  0   0  0   3  1  0  16/31 21 
Dennis Seidenberg        0  0  0  -1  2   1  0  1  0/0   23 
Dustin Brown             0  0  0  -1  4   0  2  0  3/4   16 
Gregory Campbell         0  0  0   0  4   0  2  0  0/1   15 
Henrik Zetterberg        0  0  0  -1  0   5  0  0  1/2   14 
James Vandermeer         0  0  0   0  0   0  1  0  0/0   14 
Jordan Leopold           0  1  1   1  0   1  0  1  0/0   19 
Kyle Okposo              0  0  0   0  0   2  0  0  1/1   12 
Mark Recchi              0  1  1   1  0   2  1  0  0/1   13 
Nathan Horton            0  0  0  -1  0   3  0  0  0/1   18 
Niklas Kronwall          0  0  0  -2  0   2  5  4  0/0   21 
Patrice Bergeron         1  0  1   1  2   4  4  0  7/16  13 
Paul Stastny             0  0  0  -1  0   3  0  1  6/17  24 
Phil Kessel              0  0  0  -2  0   2  0  0  2/8   12 
Zdeno Chara              1  1  2   1  0   1  2  0  0/0   23 

3 Stars

1 - Sidney Crosby (OTT)
2 - Zdeno Chara (BOS)
3 - Chris Stewart (OTT)

Power Play

Senators - 1 on 6 Attempt(s) - 16.67%
Bruins - 0 on 4 Attempt(s) - 0.00%

Penalty Kill

Senators - 4 on 4 Attempt(s) - 100.00% - Score 0 goal in Penalty Kill
Bruins - 5 on 6 Attempt(s) - 83.33% - Score 0 goal in Penalty Kill

Game Notes

No Game Note

Finance

Level 1 -- Attendance: 6351 (97.71%) -- Ticket Income $476,325.00
Level 2 -- Attendance: 5000 (100.00%) -- Ticket Income $250,000.00
Level 3 -- Attendance: 3457 (98.77%) -- Ticket Income $103,710.00
Level 4 -- Attendance: 1565 (100.00%) -- Ticket Income $31,300.00
Luxury Box -- Attendance: 1000 (100.00%) -- Ticket Income $150,000.00
Game was played at the TD Garden
Total Attendance: 17373 (98.91%)
Total Ticket Income: $1,066,113.00
Other Income: $205,062.60
Total Income: $1,271,176.00


Play by Play

Period #1

0:01 of 1st period - Paul Stastny wins face-off versus Sidney Crosby in neutral zone.
0:10 of 1st period - Shot by Henrik Zetterberg.
0:10 of 1st period - Stopped by Brian Elliott without a rebound.
0:11 of 1st period - Marian Gaborik wins face-off versus Dustin Brown in Senators zone.
0:22 of 1st period - Shot by David Krejci.
0:22 of 1st period - Shot Misses the Net.
0:24 of 1st period - Shot by Dustin Brown.
0:24 of 1st period - Shot Misses the Net.
0:28 of 1st period - Shot by David Krejci.
0:28 of 1st period - Stopped by Brian Elliott with a rebound.
0:32 of 1st period - Shot by Dustin Brown.
0:32 of 1st period - Shot Misses the Net.
2:34 of 1st period - Shot by Chris Stewart.
2:34 of 1st period - Goal by Chris Stewart - Senators : 1 - Bruins : 0.
2:35 of 1st period - Kyle Okposo wins face-off versus Jordan Staal in neutral zone.
2:57 of 1st period - Shot by Daniel Briere.
2:57 of 1st period - Shot Misses the Net.
3:36 of 1st period - Gregory Campbell is hit by Guillaume Latendresse and loses puck.
4:19 of 1st period - Shot by David Steckel.
4:19 of 1st period - Stopped by Cam Ward without a rebound.
4:20 of 1st period - David Steckel wins face-off versus Patrice Bergeron in Bruins zone.
4:20 of 1st period - Sergei Kostitsyn is hit by Zdeno Chara and loses puck.
4:47 of 1st period - Icing by Blake Wheeler.
4:48 of 1st period - Patrice Bergeron wins face-off versus Jason Spezza in Bruins zone.
5:02 of 1st period - Shot by Patrice Bergeron.
5:02 of 1st period - Goal by Patrice Bergeron - Senators : 1 - Bruins : 1.
5:03 of 1st period - Dustin Brown wins face-off versus Jordan Staal in neutral zone.
5:22 of 1st period - Shot by Jordan Staal.
5:22 of 1st period - Stopped by Cam Ward without a rebound.
5:23 of 1st period - Jason Spezza wins face-off versus David Krejci in Bruins zone.
5:47 of 1st period - Minor Penalty to Dustin Brown for Roughing.
5:48 of 1st period - Sidney Crosby wins face-off versus David Krejci in Bruins zone.
6:42 of 1st period - Shot by Marian Gaborik.
6:42 of 1st period - Deflect By Guillaume Latendresse.
6:42 of 1st period - Shot Misses the Net.
6:44 of 1st period - Shot by Guillaume Latendresse.
6:44 of 1st period - Shot Blocked by Niklas Kronwall.
6:48 of 1st period - Shot by Marian Gaborik.
6:48 of 1st period - Stopped by Cam Ward without a rebound.
6:49 of 1st period - David Krejci wins face-off versus Sidney Crosby in Bruins zone.
7:11 of 1st period - Icing by Milan Michalek.
7:12 of 1st period - Sidney Crosby wins face-off versus Paul Stastny in Senators zone.
7:17 of 1st period - Barret Jackman is hit by Chris Stewart and loses puck.
7:47 of 1st period - Shot by Marian Gaborik.
7:47 of 1st period - Shot Misses the Net.
7:58 of 1st period - Zdeno Chara is hit by Jaroslav Spacek and loses puck.
8:01 of 1st period - Shot by Blake Wheeler.
8:01 of 1st period - Stopped by Brian Elliott with a rebound.
8:05 of 1st period - Shot by Mark Recchi.
8:05 of 1st period - Shot Misses the Net.
8:07 of 1st period - Shot by Zdeno Chara.
8:07 of 1st period - Goal by Zdeno Chara - Senators : 1 - Bruins : 2.
8:08 of 1st period - Jordan Staal wins face-off versus David Krejci in neutral zone.
8:35 of 1st period - David Jones is hit by Dustin Brown and loses puck.
9:03 of 1st period - Icing by Karlis Skrastins.
9:04 of 1st period - Jordan Staal wins face-off versus Patrice Bergeron in Senators zone.
9:06 of 1st period - Daniel Briere is hit by Patrice Bergeron and loses puck.
9:16 of 1st period - Patrice Bergeron is hit by Karlis Skrastins and loses puck.
9:55 of 1st period - Shot by Paul Stastny.
9:55 of 1st period - Shot Blocked by Jordan Staal.
9:57 of 1st period - Shot by Kyle Okposo.
9:57 of 1st period - Shot Blocked by Karlis Skrastins.
10:01 of 1st period - Shot by Paul Stastny.
10:01 of 1st period - Shot Blocked by Jordan Staal.
10:03 of 1st period - Shot by Paul Stastny.
10:03 of 1st period - Deflect By Kyle Okposo.
10:03 of 1st period - Shot Blocked by Karlis Skrastins.
10:07 of 1st period - Shot by Kyle Okposo.
10:07 of 1st period - Shot Blocked by Jordan Staal.
10:09 of 1st period - Shot by Dennis Seidenberg.
10:09 of 1st period - Stopped by Brian Elliott without a rebound.
10:10 of 1st period - Sidney Crosby wins face-off versus David Krejci in Senators zone.
10:31 of 1st period - Shot by Sidney Crosby.
10:31 of 1st period - Shot Blocked by Niklas Kronwall.
10:35 of 1st period - Shot by Chris Stewart.
10:35 of 1st period - Stopped by Cam Ward with a rebound.
10:37 of 1st period - Shot by Guillaume Latendresse.
10:37 of 1st period - Shot Misses the Net.
10:41 of 1st period - Shot by Chris Stewart.
10:41 of 1st period - Shot Misses the Net.
10:45 of 1st period - Shot by Dion Phaneuf.
10:45 of 1st period - Stopped by Cam Ward without a rebound.
10:46 of 1st period - Jason Spezza wins face-off versus Paul Stastny in Bruins zone.
11:09 of 1st period - Shot by Marian Gaborik.
11:09 of 1st period - Stopped by Cam Ward without a rebound.
11:10 of 1st period - Patrice Bergeron wins face-off versus Sidney Crosby in Bruins zone.
11:52 of 1st period - Icing by Jay Bouwmeester.
11:53 of 1st period - David Krejci wins face-off versus Sidney Crosby in Senators zone.
13:14 of 1st period - James Vandermeer is hit by Marian Gaborik and loses puck.
14:04 of 1st period - Shot by David Steckel.
14:04 of 1st period - Stopped by Cam Ward without a rebound.
14:05 of 1st period - David Krejci wins face-off versus Jordan Staal in Bruins zone.
15:15 of 1st period - Shot by Kyle Okposo.
15:15 of 1st period - Stopped by Brian Elliott with a rebound.
15:53 of 1st period - Shot by Patrice Bergeron.
15:53 of 1st period - Shot Blocked by Dion Phaneuf.
15:57 of 1st period - Shot by Patrice Bergeron.
15:57 of 1st period - Stopped by Brian Elliott without a rebound.
15:58 of 1st period - David Krejci wins face-off versus Jason Spezza in Senators zone.
16:45 of 1st period - Chris Stewart is hit by Niklas Kronwall and loses puck.
16:50 of 1st period - Shot by Guillaume Latendresse.
16:50 of 1st period - Deflect By Sidney Crosby.
16:50 of 1st period - Shot Misses the Net.
16:54 of 1st period - Shot by Daniel Briere.
16:54 of 1st period - Stopped by Cam Ward with a rebound.
16:56 of 1st period - Shot by Sidney Crosby.
16:56 of 1st period - Stopped by Cam Ward without a rebound.
16:57 of 1st period - Patrice Bergeron wins face-off versus Sidney Crosby in Bruins zone.
17:04 of 1st period - Shot by Guillaume Latendresse.
17:04 of 1st period - Stopped by Cam Ward without a rebound.
17:05 of 1st period - Paul Stastny wins face-off versus David Steckel in Bruins zone.
17:26 of 1st period - Shot by Kyle Okposo.
17:26 of 1st period - Shot Blocked by David Steckel.
17:35 of 1st period - Minor Penalty to Gregory Campbell for Roughing.
17:36 of 1st period - Phil Kessel wins face-off versus Sidney Crosby in Bruins zone.
18:38 of 1st period - Shot by Marian Gaborik.
18:38 of 1st period - Shot Misses the Net.
18:40 of 1st period - Shot by Filip Kuba.
18:40 of 1st period - Goal by Filip Kuba - Senators : 2 - Bruins : 2.
18:41 of 1st period - David Steckel wins face-off versus Mark Recchi in neutral zone.
18:41 of 1st period - Karlis Skrastins is hit by Patrice Bergeron and loses puck.
18:48 of 1st period - Shot by Patrick Dwyer.
18:48 of 1st period - Stopped by Cam Ward without a rebound.
18:49 of 1st period - Patrice Bergeron wins face-off versus Sidney Crosby in Bruins zone.
19:22 of 1st period - Shot by Patrice Bergeron.
19:22 of 1st period - Deflect By Blake Wheeler.
19:22 of 1st period - Shot Misses the Net.
19:42 of 1st period - Shot by Kyle Okposo.
19:42 of 1st period - Shot Misses the Net.
19:56 of 1st period - Shot by Kyle Okposo.
19:56 of 1st period - Stopped by Brian Elliott without a rebound.
19:57 of 1st period - David Krejci wins face-off versus Jordan Staal in Senators zone.

Period #2

0:01 of 2nd period - Sidney Crosby wins face-off versus Paul Stastny in neutral zone.
0:21 of 2nd period - Shot by Henrik Zetterberg.
0:21 of 2nd period - Stopped by Brian Elliott with a rebound.
0:35 of 2nd period - Shot by Phil Kessel.
0:35 of 2nd period - Stopped by Brian Elliott with a rebound.
0:37 of 2nd period - Shot by Paul Stastny.
0:37 of 2nd period - Stopped by Brian Elliott with a rebound.
0:41 of 2nd period - Shot by Henrik Zetterberg.
0:41 of 2nd period - Shot Blocked by Dion Phaneuf.
0:43 of 2nd period - Shot by Henrik Zetterberg.
0:43 of 2nd period - Stopped by Brian Elliott without a rebound.
0:44 of 2nd period - David Krejci wins face-off versus Jason Spezza in Senators zone.
0:45 of 2nd period - Shot by Nathan Horton.
0:45 of 2nd period - Stopped by Brian Elliott without a rebound.
0:46 of 2nd period - Jason Spezza wins face-off versus Nathan Horton in Senators zone.
0:51 of 2nd period - Shot by Nathan Horton.
0:51 of 2nd period - Stopped by Brian Elliott without a rebound.
0:52 of 2nd period - David Krejci wins face-off versus Jordan Staal in Senators zone.
1:05 of 2nd period - Shot by Nathan Horton.
1:05 of 2nd period - Shot Misses the Net.
1:07 of 2nd period - Shot by David Krejci.
1:07 of 2nd period - Stopped by Brian Elliott without a rebound.
1:08 of 2nd period - Jason Spezza wins face-off versus Patrice Bergeron in Senators zone.
1:08 of 2nd period - Jason Spezza is hit by Patrice Bergeron.
1:14 of 2nd period - Shot by Jason Spezza.
1:14 of 2nd period - Shot Misses the Net.
1:20 of 2nd period - Shot by Patrice Bergeron.
1:20 of 2nd period - Stopped by Brian Elliott without a rebound.
1:21 of 2nd period - Paul Stastny wins face-off versus David Steckel in Senators zone.
1:37 of 2nd period - Dennis Seidenberg is hit by David Steckel and loses puck.
1:52 of 2nd period - Shot by Patrick Dwyer.
1:52 of 2nd period - Shot Blocked by Dennis Seidenberg.
2:45 of 2nd period - Shot by Niklas Kronwall.
2:45 of 2nd period - Stopped by Brian Elliott without a rebound.
2:46 of 2nd period - Blake Wheeler wins face-off versus Jason Spezza in Senators zone.
3:55 of 2nd period - Shot by Jay Bouwmeester.
3:55 of 2nd period - Shot Misses the Net.
4:28 of 2nd period - Icing by Dennis Seidenberg.
4:29 of 2nd period - Daniel Briere wins face-off versus Paul Stastny in Bruins zone.
4:30 of 2nd period - Shot by Jordan Staal.
4:30 of 2nd period - Shot Blocked by Paul Stastny.
5:00 of 2nd period - Minor Penalty to Dustin Brown for Hooking.
5:01 of 2nd period - David Krejci wins face-off versus Sidney Crosby in Bruins zone.
5:12 of 2nd period - Icing by Milan Michalek.
5:13 of 2nd period - Sidney Crosby wins face-off versus David Krejci in Senators zone.
6:04 of 2nd period - Shot by Jason Spezza.
6:04 of 2nd period - Deflect By Marian Gaborik.
6:04 of 2nd period - Stopped by Cam Ward without a rebound.
6:05 of 2nd period - David Krejci wins face-off versus Jason Spezza in Bruins zone.
6:05 of 2nd period - David Krejci is hit by Daniel Briere.
6:59 of 2nd period - Shot by Sidney Crosby.
6:59 of 2nd period - Shot Misses the Net.
7:03 of 2nd period - Shot by Karlis Skrastins.
7:03 of 2nd period - Stopped by Cam Ward without a rebound.
7:04 of 2nd period - David Steckel wins face-off versus Patrice Bergeron in Bruins zone.
7:10 of 2nd period - Icing by Patrice Bergeron.
7:11 of 2nd period - Patrice Bergeron wins face-off versus David Steckel in Bruins zone.
7:11 of 2nd period - Patrice Bergeron is hit by Sergei Kostitsyn.
7:12 of 2nd period - Minor Penalty to Sergei Kostitsyn for High sticking.
7:13 of 2nd period - Jordan Staal wins face-off versus David Krejci in Senators zone.
7:35 of 2nd period - David Steckel is hit by David Krejci and loses puck.
9:01 of 2nd period - Shot by Dustin Brown.
9:01 of 2nd period - Deflect By Phil Kessel.
9:01 of 2nd period - Stopped by Brian Elliott without a rebound.
9:02 of 2nd period - David Jones wins face-off versus Paul Stastny in Senators zone.
9:16 of 2nd period - Gregory Campbell is hit by Milan Michalek and loses puck.
9:30 of 2nd period - Minor Penalty to Gregory Campbell for Holding.
9:31 of 2nd period - Sidney Crosby wins face-off versus Paul Stastny in Bruins zone.
10:31 of 2nd period - Shot by Marian Gaborik.
10:31 of 2nd period - Stopped by Cam Ward with a rebound.
10:38 of 2nd period - Icing by Filip Kuba.
10:39 of 2nd period - Marian Gaborik wins face-off versus David Krejci in Senators zone.
11:45 of 2nd period - David Steckel is hit by Niklas Kronwall and loses puck.
11:49 of 2nd period - Icing by Mark Recchi.
11:50 of 2nd period - David Jones wins face-off versus Patrice Bergeron in Bruins zone.
11:58 of 2nd period - Blake Wheeler is hit by Trevor Daley and loses puck.
12:45 of 2nd period - Minor Penalty to Chris Stewart for Interference.
12:46 of 2nd period - David Steckel wins face-off versus David Krejci in Senators zone.
12:54 of 2nd period - Icing by David Krejci.
12:55 of 2nd period - David Krejci wins face-off versus David Steckel in Bruins zone.
14:39 of 2nd period - Shot by Jordan Leopold.
14:39 of 2nd period - Stopped by Brian Elliott without a rebound.
14:40 of 2nd period - Patrick Dwyer wins face-off versus David Krejci in Senators zone.
14:48 of 2nd period - Icing by Zdeno Chara.
14:49 of 2nd period - Sidney Crosby wins face-off versus Patrice Bergeron in Bruins zone.
14:56 of 2nd period - Shot by Sidney Crosby.
14:56 of 2nd period - Stopped by Cam Ward without a rebound.
14:57 of 2nd period - Milan Michalek wins face-off versus Patrice Bergeron in Bruins zone.
14:58 of 2nd period - Shot by Jason Spezza.
14:58 of 2nd period - Deflect By Marian Gaborik.
14:58 of 2nd period - Shot Blocked by Jordan Leopold.
15:50 of 2nd period - Shot by Guillaume Latendresse.
15:50 of 2nd period - Stopped by Cam Ward without a rebound.
15:51 of 2nd period - Jordan Staal wins face-off versus Phil Kessel in Bruins zone.
15:53 of 2nd period - David Jones is hit by James Vandermeer and loses puck.
16:12 of 2nd period - Shot by Jordan Staal.
16:12 of 2nd period - Stopped by Cam Ward without a rebound.
16:13 of 2nd period - Dustin Brown wins face-off versus Sidney Crosby in Bruins zone.
16:34 of 2nd period - Shot by Sidney Crosby.
16:34 of 2nd period - Stopped by Cam Ward without a rebound.
16:35 of 2nd period - David Steckel wins face-off versus Gregory Campbell in Bruins zone.
17:13 of 2nd period - Icing by Karlis Skrastins.
17:14 of 2nd period - David Steckel wins face-off versus David Krejci in Senators zone.
17:34 of 2nd period - David Krejci is hit by Jay Bouwmeester and loses puck.
17:47 of 2nd period - Chris Stewart is hit by Barret Jackman and loses puck.
17:59 of 2nd period - Icing by Nathan Horton.
18:00 of 2nd period - David Krejci wins face-off versus Jason Spezza in Bruins zone.
18:10 of 2nd period - Icing by Trevor Daley.
18:11 of 2nd period - Jason Spezza wins face-off versus Patrice Bergeron in Senators zone.
18:11 of 2nd period - Jason Spezza is hit by Patrice Bergeron.
18:54 of 2nd period - Shot by Mark Recchi.
18:54 of 2nd period - Shot Blocked by Trevor Daley.
19:06 of 2nd period - Shot by Paul Stastny.
19:06 of 2nd period - Stopped by Brian Elliott with a rebound.
19:08 of 2nd period - Shot by Paul Stastny.
19:08 of 2nd period - Shot Misses the Net.
19:14 of 2nd period - Shot by Paul Stastny.
19:14 of 2nd period - Stopped by Brian Elliott without a rebound.
19:15 of 2nd period - Chris Stewart wins face-off versus Paul Stastny in Senators zone.
19:36 of 2nd period - Shot by Sidney Crosby.
19:36 of 2nd period - Shot Misses the Net.
19:38 of 2nd period - Shot by Guillaume Latendresse.
19:38 of 2nd period - Shot Misses the Net.
19:40 of 2nd period - Shot by Sidney Crosby.
19:40 of 2nd period - Goal by Sidney Crosby - Senators : 3 - Bruins : 2.
19:41 of 2nd period - David Krejci wins face-off versus David Jones in neutral zone.
19:44 of 2nd period - Shot by Dustin Brown.
19:44 of 2nd period - Shot Misses the Net.
19:46 of 2nd period - Shot by David Krejci.
19:46 of 2nd period - Stopped by Brian Elliott without a rebound.
19:47 of 2nd period - David Steckel wins face-off versus David Krejci in Senators zone.
19:56 of 2nd period - Shot by David Steckel.
19:56 of 2nd period - Stopped by Cam Ward with a rebound.

Period #3

0:01 of 3rd period - Paul Stastny wins face-off versus Sidney Crosby in neutral zone.
0:46 of 3rd period - Chris Stewart is hit by Zdeno Chara and loses puck.
1:11 of 3rd period - Shot by Marian Gaborik.
1:11 of 3rd period - Stopped by Cam Ward without a rebound.
1:12 of 3rd period - Dustin Brown wins face-off versus Jordan Staal in Bruins zone.
1:12 of 3rd period - Dustin Brown is hit by Jordan Staal.
1:15 of 3rd period - Niklas Kronwall is hit by Jordan Staal and loses puck.
1:16 of 3rd period - Minor Penalty to Jordan Staal for Roughing.
1:17 of 3rd period - Marian Gaborik wins face-off versus David Krejci in Senators zone.
1:35 of 3rd period - Icing by Jordan Leopold.
1:36 of 3rd period - David Krejci wins face-off versus Marian Gaborik in Bruins zone.
3:20 of 3rd period - Shot by David Jones.
3:20 of 3rd period - Shot Misses the Net.
4:00 of 3rd period - Shot by Patrice Bergeron.
4:00 of 3rd period - Stopped by Brian Elliott without a rebound.
4:01 of 3rd period - Blake Wheeler wins face-off versus David Steckel in Senators zone.
4:01 of 3rd period - Zdeno Chara is hit by Karlis Skrastins and loses puck.
4:06 of 3rd period - Shot by Mark Recchi.
4:06 of 3rd period - Stopped by Brian Elliott with a rebound.
4:26 of 3rd period - Minor Penalty to Karlis Skrastins for Hooking.
4:27 of 3rd period - Henrik Zetterberg wins face-off versus Jordan Staal in Senators zone.
4:48 of 3rd period - Shot by Henrik Zetterberg.
4:48 of 3rd period - Shot Misses the Net.
4:50 of 3rd period - Shot by Niklas Kronwall.
4:50 of 3rd period - Stopped by Brian Elliott without a rebound.
4:51 of 3rd period - David Steckel wins face-off versus David Krejci in Senators zone.
5:01 of 3rd period - Icing by Barret Jackman.
5:02 of 3rd period - David Krejci wins face-off versus David Steckel in Bruins zone.
5:12 of 3rd period - Shot by Henrik Zetterberg.
5:12 of 3rd period - Stopped by Brian Elliott without a rebound.
5:13 of 3rd period - Jordan Staal wins face-off versus Paul Stastny in Senators zone.
5:56 of 3rd period - Shot by Nathan Horton.
5:56 of 3rd period - Stopped by Brian Elliott without a rebound.
5:57 of 3rd period - Jordan Staal wins face-off versus Henrik Zetterberg in Senators zone.
6:14 of 3rd period - Shot by Henrik Zetterberg.
6:14 of 3rd period - Stopped by Brian Elliott without a rebound.
6:15 of 3rd period - David Steckel wins face-off versus Paul Stastny in Senators zone.
6:37 of 3rd period - Minor Penalty to Patrice Bergeron for Interference.
6:38 of 3rd period - Paul Stastny wins face-off versus Jason Spezza in Bruins zone.
6:38 of 3rd period - Paul Stastny is hit by Daniel Briere.
7:06 of 3rd period - Shot by Marian Gaborik.
7:06 of 3rd period - Shot Blocked by Niklas Kronwall.
8:53 of 3rd period - Mark Recchi is hit by Sergei Kostitsyn and loses puck.
8:58 of 3rd period - Patrick Dwyer is hit by Mark Recchi and loses puck.
9:48 of 3rd period - Shot by Jordan Staal.
9:48 of 3rd period - Stopped by Cam Ward without a rebound.
9:49 of 3rd period - Jason Spezza wins face-off versus Patrice Bergeron in Bruins zone.
9:50 of 3rd period - Shot by Marian Gaborik.
9:50 of 3rd period - Shot Misses the Net.
10:05 of 3rd period - Icing by Milan Michalek.
10:06 of 3rd period - Jason Spezza wins face-off versus Phil Kessel in Senators zone.
10:06 of 3rd period - Jason Spezza is hit by Gregory Campbell.
10:13 of 3rd period - Off-side.
10:14 of 3rd period - Patrice Bergeron wins face-off versus Sidney Crosby in neutral zone.
10:21 of 3rd period - Shot by Blake Wheeler.
10:21 of 3rd period - Shot Misses the Net.
10:23 of 3rd period - Shot by Patrice Bergeron.
10:23 of 3rd period - Shot Misses the Net.
10:25 of 3rd period - Shot by Blake Wheeler.
10:25 of 3rd period - Deflect By Patrice Bergeron.
10:25 of 3rd period - Shot Hit the Post.
10:27 of 3rd period - Shot by Patrice Bergeron.
10:27 of 3rd period - Shot Blocked by Jay Bouwmeester.
10:31 of 3rd period - Shot by Mark Recchi.
10:31 of 3rd period - Shot Misses the Net.
10:35 of 3rd period - Shot by Mark Recchi.
10:35 of 3rd period - Stopped by Brian Elliott without a rebound.
10:36 of 3rd period - Paul Stastny wins face-off versus Jordan Staal in Senators zone.
10:41 of 3rd period - Shot by Kyle Okposo.
10:41 of 3rd period - Shot Misses the Net.
10:53 of 3rd period - Shot by Daniel Briere.
10:53 of 3rd period - Shot Misses the Net.
11:59 of 3rd period - Shot by Chris Stewart.
11:59 of 3rd period - Deflect By Sidney Crosby.
11:59 of 3rd period - Shot Misses the Net.
13:02 of 3rd period - Icing by Jordan Leopold.
13:03 of 3rd period - Patrice Bergeron wins face-off versus David Steckel in Bruins zone.
13:11 of 3rd period - Off-side.
13:12 of 3rd period - Jordan Staal wins face-off versus Paul Stastny in neutral zone.
13:26 of 3rd period - David Jones is hit by Gregory Campbell and loses puck.
14:10 of 3rd period - Shot by Jason Spezza.
14:10 of 3rd period - Shot Misses the Net.
14:13 of 3rd period - Jason Spezza is hit by Niklas Kronwall and loses puck.
14:33 of 3rd period - Marian Gaborik is hit by Niklas Kronwall and loses puck.
14:37 of 3rd period - Milan Michalek is hit by Niklas Kronwall and loses puck.
14:43 of 3rd period - Jason Spezza is hit by Barret Jackman and loses puck.
15:47 of 3rd period - Shot by Blake Wheeler.
15:47 of 3rd period - Shot Misses the Net.
15:50 of 3rd period - Icing by Trevor Daley.
15:51 of 3rd period - Jason Spezza wins face-off versus Paul Stastny in Senators zone.
16:20 of 3rd period - Minor Penalty to Dennis Seidenberg for Slashing.
16:21 of 3rd period - Sidney Crosby wins face-off versus David Krejci in Bruins zone.
17:01 of 3rd period - Icing by Jaroslav Spacek.
17:02 of 3rd period - Jason Spezza wins face-off versus Phil Kessel in Senators zone.
17:10 of 3rd period - Marian Gaborik is hit by Barret Jackman and loses puck.
18:02 of 3rd period - Icing by Milan Michalek.
18:03 of 3rd period - David Krejci wins face-off versus Sidney Crosby in Senators zone.
18:25 of 3rd period - Icing by Trevor Daley.
18:26 of 3rd period - Jordan Staal wins face-off versus Phil Kessel in Senators zone.
18:37 of 3rd period - Shot by Guillaume Latendresse.
18:37 of 3rd period - Shot Blocked by Niklas Kronwall.
18:39 of 3rd period - Shot by Patrick Dwyer.
18:39 of 3rd period - Stopped by Cam Ward with a rebound.
18:43 of 3rd period - Shot by Trevor Daley.
18:43 of 3rd period - Goal by Trevor Daley - Senators : 4 - Bruins : 2.
18:44 of 3rd period - David Krejci wins face-off versus Jason Spezza in neutral zone.
18:46 of 3rd period - Off-side.
18:47 of 3rd period - Jason Spezza wins face-off versus David Krejci in neutral zone.
18:47 of 3rd period - Jason Spezza is hit by Dustin Brown.
18:53 of 3rd period - Shot by Marian Gaborik.
18:53 of 3rd period - Shot Hit the Post.
19:45 of 3rd period - Icing by Henrik Zetterberg.
19:46 of 3rd period - Sidney Crosby wins face-off versus Phil Kessel in Bruins zone.
19:47 of 3rd period - Shot by Chris Stewart.
19:47 of 3rd period - Stopped by Cam Ward with a rebound.
19:49 of 3rd period - Shot by Sidney Crosby.
19:49 of 3rd period - Stopped by Cam Ward without a rebound.
19:50 of 3rd period - Sidney Crosby wins face-off versus Phil Kessel in Bruins zone.
19:57 of 3rd period - Shot by Chris Stewart.
19:57 of 3rd period - Stopped by Cam Ward without a rebound.
19:58 of 3rd period - Phil Kessel wins face-off versus Sidney Crosby in Bruins zone.


Output by the SimonT Hockey Simulator (STHS) for Stephane Roy -- Original Page W3C XHTML 1.0 Valid